 Dungeon Crawl Stone Soup version 0.31-a0-339-gda1cbd555d (webtiles) character file.

Game seed: 18163830619145299895

5341 Vomitron the Carver (level 10, 0/79 HPs)
             Began as a Demonspawn Gladiator on July 20, 2023.
             Was an Initiate of Yredelemnul.
             Slain by an orc warrior
             ... wielding a +0 dire flail
              (16 damage)
             ... on level 9 of the Dungeon.
             The game lasted 00:20:44 (8402 turns).

Vomitron the Carver (Demonspawn Gladiator)          Turns: 8402, Time: 00:20:45

Health: 0/79       AC:  8    Str: 14    XL:     10   Next: 38%
Magic:  25/25      EV: 16    Int: 10    God:    Yredelemnul [......]
Gold:   497        SH:  8    Dex: 22    Spells: 9/9 levels left

rFire   . . .        u - +4 long sword
rCold   . . .        K - +3 buckler of Recklessness {Contam Rampage Dex+3 Stlth+}
rNeg    . . .        b - +0 leather armour
rPois   .            c - +1 helmet
rElec   .            g - scarf of the Wary Hosts {repulsion, Rampage}
rCorr   .            i - +0 pair of gloves
SInv    .            (boots unavailable)
Will    .....        (no amulet)
Stlth   +++          j - ring of magical power
HPRegen 0.33/turn    (no ring)
MPRegen 0.19/turn

%: repel missiles, rampage
@: no status effects
A: hooves 3, sharp scales 2
a: Renounce Religion, Recall Undead Harvest


You were on level 9 of the Dungeon.
You worshipped Yredelemnul.
Yredelemnul was aware of your devotion.
You visited 1 branch of the dungeon, and saw 9 of its levels.
You also visited: Ossuary.

You collected 522 gold pieces.
You spent 25 gold pieces at shops.

Inventory:

Hand Weapons
 a - a +1 long sword
 u - a +4 long sword (weapon)
Missiles
 d - 3 throwing nets (quivered)
 e - 3 javelins
 o - 31 poisoned darts
 H - 3 silver javelins
 J - a curare-tipped dart
Armour
 b - a +0 leather armour (worn)
 c - a +1 helmet (worn)
 g - the scarf of the Wary Hosts (worn) {repulsion, Rampage}
   (You acquired it on level 6 of the Dungeon)

   Rampage:   It bestows one free step when moving towards enemies.
 i - a +0 pair of gloves (worn)
 k - a +0 ring mail
 K - the +3 buckler of Recklessness (worn) {Contam Rampage Dex+3 Stlth+}
   (You took it off a gnoll sergeant on level 8 of the Dungeon)

   Dex:       It affects your dexterity (+3).
   Contam:    It causes magical contamination when unequipped.
   Rampage:   It bestows one free step when moving towards enemies.
   Stlth:     It makes you more stealthy.
Jewellery
 j - a ring of magical power (left hand)
 n - a ring of magical power
 r - a ring of fire
 y - a ring of magical power
 B - a ring of ice
 I - a +6 ring of intelligence
Wands
 z - a wand of mindburst (8)
 D - a wand of roots (8)
 F - a wand of flame (4)
 L - a wand of digging (2)
Scrolls
 p - 2 scrolls of enchant armour
 s - a scroll of poison
 A - a scroll of vulnerability
 C - a scroll of immolation {unknown}
 G - a scroll of fog
Potions
 f - 5 potions of mutation
 h - a potion of invisibility
 l - a potion of heal wounds
 m - 2 potions of brilliance
 q - 3 potions of haste
 t - 2 potions of curing
 v - a potion of resistance
 x - a potion of enlightenment {unknown}
 E - a potion of might


   Skills:
 + Level 7.3 Fighting
 * Level 9.6 Long Blades
 - Level 1.7 Throwing
 - Level 1.0 Armour
 + Level 6.9 Dodging
 + Level 1.3 Shields
 - Level 8.0 Invocations


You had 9 spell levels left.
You didn't know any spells.
Your spell library contained the following spells:

 Spells                   Type           Power      Damage    Failure   Level
 Freeze                   Ice            0%         1d3       54%         1
 Shock                    Conj/Air       0%         1d3       54%         1
 Frozen Ramparts          Ice            0%         1d1       89%         3
 Hailstorm                Conj/Ice       0%         3d3       89%         3
 Stone Arrow              Conj/Erth      0%         3d7       89%         3
 Swiftness                Air            0%         N/A       89%         3
 Airstrike                Air            0%         2d(0-16)  100%        4
 Animate Armour           Summ/Erth      0%         N/A       100%        4
 Olgreb's Toxic Radiance  Pois           0%         N/A       100%        4
 Discord                  Hex            0%         N/A       100%        8
 Ignition                 Fire           0%         3d3       100%        8
 Lehudib's Crystal Spear  Conj/Erth      0%         10d2      100%        8


Dungeon Overview and Level Annotations

Branches:
Dungeon (9/15)             Temple (0/1) D:7             Orc (0/2) D:9
Ossuary (visited)
   Lair: D:8-11

Altars:
Dithmenos
Fedhas
Makhleb
Qazlal
Ru
Wu Jian
Xom
Yredelemnul

Shops:
D:7 *   D:8 [

Annotations:
D:9 2 transporters


Innate Abilities, Weirdness & Mutations

You have hooves in place of feet.
You are mostly covered in razor-sharp scales. (AC +2, Slay +2)


Message History

Your spectral ufetubus misses the ufetubus.
Your spectral ufetubus hits the ufetubus but does no damage.
The howler monkey hoots and howls with incredible vigour! x2
Unknown command.
The ufetubus attacks as you move away! The ufetubus closely misses you.
The ufetubus misses you.
Your surroundings suddenly seem different.
A hobgoblin skeleton, a goblin skeleton and 6 zombies come into view.
Found 2 poisoned darts.
Found a staircase to the Orcish Mines.
Unknown command.
Unknown command.
An orc wizard comes into view. It is wielding a +0 dagger.
An orc warrior comes into view. It is wielding a +0 dire flail.
You rampage towards the orc wizard!
The helpless orc wizard fails to defend itself.
You slash the orc wizard! You kick the orc wizard.
You kill the orc wizard!
The dead are walking!
The orc warrior shouts!
You hear a shout!
An orc comes into view.
It is wielding a +2 whip of electrocution.
An orc comes into view. It is wielding a +0 whip.
Things that are here:
a +0 dagger; a +0 robe Your orc wizard zombie barely misses the orc warrior.
You slash the orc warrior!
The orc warrior is moderately wounded.
The orc hits your orc wizard zombie with a +2 whip of electrocution.
You block the orc warrior's attack.
You hit the orc warrior but do no damage.
You kick the orc warrior, but do no damage.
The orc warrior is moderately wounded.
The orc warrior closely misses you.
The orc hits your orc wizard zombie with a +2 whip of electrocution.
Your orc wizard zombie closely misses the orc.
You slash the orc warrior!
The orc warrior is heavily wounded.
The orc hits your orc wizard zombie with a +2 whip of electrocution.
The orc warrior hits you with a +0 dire flail!
You die...
Your body rises from the dead as a mindless zombie.

######### ........#####
#....<......####### ###
#.#####............ ..#
#####.#########.######
#########.....@oZ.o.......
#..........######o#.......
#.########.# ##).####
###.# #.# ###..########
..#.# #.# #............
..#.########.#
#o###.######.
...........#.# ..o #....#
...........#.##.## #.##.#
.....#####.#.## ...##.#


You could see an orc warrior, 2 orcs and a friendly orc wizard zombie.

Vanquished Creatures
  2 trolls
  A hornet (D:7)
  Sigmund (D:3)
  3 ynoxinuls (D:9)
  2 steam dragons
  3 water moccasins
  2 sky beasts (D:6)
  3 black bears
  An orc warrior (D:7)
  An ogre (D:5)
  3 centaurs (D:8)
  2 phantoms
  A kobold brigand (D:7)
  3 bullfrogs
  A gnoll sergeant (D:8)
  5 scorpions
  A water moccasin zombie (Ossuary)
  8 wights
  6 killer bees (D:8)
  An electric eel (D:9)
  2 gnoll boudas
  3 orc priests
  3 hounds
  2 jellies
  An orc wizard (D:9)
  2 mummies (Ossuary)
  21 gnolls
  4 adders
  2 white imps
  5 ufetubi
  8 adder zombies (Ossuary)
  A worm (D:2)
  5 dart slugs
  9 orcs
  9 bats
  10 endoplasms
  5 giant cockroaches
  3 gnoll zombies (Ossuary)
  9 hobgoblins
  3 jackals (D:1)
  4 quokkas
  10 ball pythons
  3 frilled lizards
  11 goblins
  7 hobgoblin zombies (Ossuary)
  8 kobolds
  2 kobold zombies (Ossuary)
  12 orc zombies (Ossuary)
  5 rats
219 creatures vanquished.

Vanquished Creatures (collateral kills)
  3 wights
  A killer bee (D:8)
  2 hounds
  5 gnolls
  An ufetubus (D:9)
  2 orcs
  A ball python (D:3)
  An orc zombie (D:9)
16 creatures vanquished.

Vanquished Creatures (others)
  2 water moccasin zombies
  A scorpion (D:7)
  A centaur zombie (D:8)
  A bullfrog zombie (D:8)
  5 killer bee zombies (D:8)
  4 orc zombies
  A steam dragon zombie (D:8)
  5 gnoll zombies
  A ball python zombie (D:3)
  A bat (D:1)
  A goblin zombie (D:3)
  A hobgoblin zombie (D:4)
  3 spectral ufetubi (D:9)
27 creatures vanquished.

Grand Total: 262 creatures vanquished

Notes
Turn   | Place    | Note
-------+----------+-------------------------------------------
     0 | D:1      | Vomitron the Demonspawn Gladiator began the quest for the
                  | Orb.
     0 | D:1      | Reached XP level 1. HP: 16/16 MP: 1/1
    76 | D:1      | Reached skill level 3 in Long Blades
    77 | D:1      | Gained mutation: You are partially covered in razor-sharp
                  | scales. (AC +1, Slay +1) [demonic ancestry]
    77 | D:1      | Reached XP level 2. HP: 19/22 MP: 2/2
   322 | D:1      | Reached XP level 3. HP: 26/28 MP: 3/3
   962 | D:2      | Gained mutation: You have large cloven feet. [demonic
                  | ancestry]
   962 | D:2      | Reached XP level 4. HP: 32/34 MP: 4/4
  1382 | D:2      | Found a blossoming altar of Fedhas.
  1489 | D:2      | Found a faded altar of an unknown god.
  1492 | D:2      | Prayed at the altar of an unknown god.
  1492 | D:2      | Became a worshipper of Yredelemnul the Dark
  1492 | D:2      | Reached * piety under Yredelemnul
  1607 | D:3      | Found a burning altar of Makhleb.
  1643 | D:3      | Noticed Sigmund
  1931 | D:3      | Noticed a scorpion
  1942 | D:3      | Killed a scorpion
  1943 | D:3      | Reached skill level 4 in Long Blades
  1943 | D:3      | Reached skill level 1 in Invocations
  1943 | D:3      | Reached XP level 5. HP: 37/41 MP: 5/5
  2014 | D:3      | Found a shadowy altar of Dithmenos.
  2138 | D:3      | Found an ornate altar of the Wu Jian Council.
  2160 | D:3      | Reached ** piety under Yredelemnul
  2314 | D:3      | Killed Sigmund
  2315 | D:3      | Gained mutation: You have hoof-like feet. [demonic
                  | ancestry]
  2315 | D:3      | Reached XP level 6. HP: 31/47 MP: 7/7
  2706 | D:4      | Reached skill level 5 in Long Blades
  2838 | D:4      | Reached XP level 7. HP: 53/53 MP: 9/9
  2858 | D:4      | Found a sand-covered staircase.
  2866 | Ossuary  | Entered an ossuary
  3778 | D:5      | Entered Level 5 of the Dungeon
  3794 | D:5      | Reached skill level 6 in Long Blades
  3853 | D:5      | Gained mutation: You are mostly covered in razor-sharp
                  | scales. (AC +2, Slay +2) [demonic ancestry]
  3853 | D:5      | Reached XP level 8. HP: 61/61 MP: 11/11
  4364 | D:5      | Found a sacrificial altar of Ru.
  4461 | D:6      | Reached skill level 5 in Invocations
  4483 | D:6      | Reached skill level 5 in Fighting
  4600 | D:6      | Reached skill level 5 in Dodging
  4659 | D:6      | Identified a scroll of acquirement
  4660 | D:6      | Acquired the scarf of the Wary Hosts {repulsion, Rampage}
  4685 | D:6      | Reached skill level 7 in Long Blades
  4964 | D:6      | Gained mutation: You have hooves in place of feet. [demonic
                  | ancestry]
  4964 | D:6      | Reached XP level 9. HP: 40/69 MP: 13/13
  5766 | D:7      | Reached skill level 8 in Long Blades
  6059 | D:7      | Identified the +1 war axe of Extremism {holy, Will+ Dex+2}
  6114 | D:7      | Paralysed by a hornet for 3 turns
  6116 | D:7      | Noticed a troll
  6122 | D:7      | Paralysed by a hornet for 1 turns
  6130 | D:7      | Killed a troll
  6590 | D:7      | Found a staircase to the Ecumenical Temple.
  6722 | D:7      | Found Omepsi's Assorted Antiques.
  6725 | D:7      | Bought a scroll labelled TACKONW ZURYEDD for 25 gold pieces
  6777 | D:8      | Found a shimmering altar of Xom.
  6811 | D:8      | Found a stormy altar of Qazlal.
  6911 | D:8      | HP: 5/106 [killer bee (5)]
  7074 | D:8      | Reached skill level 9 in Long Blades
  7074 | D:8      | Reached XP level 10. HP: 68/77 MP: 15/15
  7600 | D:8      | Identified the +3 buckler of Recklessness {Contam Rampage
                  | Dex+3 Stlth+}
  7617 | D:8      | HP: 3/79 [poisoned by a gnoll sergeant]
  7910 | D:8      | Found Daniel's Dragon-Slaying Spoils.
  7967 | D:8      | Reached skill level 1 in Armour
  8122 | D:9      | Found a transporter.
  8317 | D:9      | Found a transporter.
  8355 | D:9      | Reached skill level 1 in Shields
  8374 | D:9      | Found a staircase to the Orcish Mines.
  8402 | D:9      | Slain by an orc warrior

Illustrated notes

Levels and vault maps discovered:
D:1:      evilmike_arrival_plus, layout_loops_ring
D:2:      layout_basic, basic_altar, hellmonk_ecumenical_altar_inner_sanctum,
          serial_curves, eino_curves_01, eino_curves_04, minmay_bisected
D:3:      layout_loops_cross, nicolae_dithmenos_through_a_glass_darkly,
          chequers_temple_overflow_statue_of_worship, lemuel_tele_altar,
          uniq_sigmund
D:4:      layout_loops_ring, nicolae_ossuary_entry_ruins,
          minmay_fractal_squares_diagonal_5
D:5:      layout_rooms, nicolae_ru_path_of_blood
D:6:      layout_loops_cross
D:7:      layout_cave_pools, minmay_temple_entry_ruins, serial_shops,
          nicolae_shop_tiny_real_fake_doors
D:8:      layout_rooms, overflow_temple_1_default, mainiacjoe_overflow_catwalk,
          nicolae_shop_dragon_depot
D:9:      gammafunk_steamed_eel, layout_loops_ring, jmf_multi_god_temple2,
          david_lair_generic, zombieorc2_lemuel, nicolae_fort_ynox

Skill      XL: |  1  2  3  4  5  6  7  8  9 10 |
---------------+-------------------------------+-----
Long Blades    | 3 4 5 6 7 9 |  9.6
Dodging        | 3 4 5 6 |  6.9
Fighting       | 3 4 5 6 7 |  7.3
Invocations    | 1 2 3 4 6 7 8 |  8.0
Armour         | 1 |  1.0
Shields        | 1 |  1.3
Throwing       | |  1.7

Action                     |  1- 3 |  4- 6 |  7- 9 | 10-12 || total
---------------------------+-------+-------+-------+-------++-------
  Melee: Long sword        |   107 |   123 |   344 |    84 ||   658
         Punch             |     1 |     3 |     7 |       ||    11
         Kick              |       |    31 |    97 |    23 ||   151
  Throw: Dart              |       |     6 |       |       ||     6
         Throwing net      |       |       |       |     1 ||     1
 Invoke: Recall Undead Har |       |       |     1 |       ||     1
         Dark Bargain      |       |       |     2 |       ||     2
  Evoke: Wand              |       |       |       |     1 ||     1
    Use: Scroll            |       |     8 |    15 |     1 ||    24
         Potion            |       |       |     8 |       ||     8
   Stab: Sleeping          |     1 |     3 |     2 |     1 ||     7
         Distracted        |       |     2 |     3 |       ||     5
         Invisible         |       |       |     1 |       ||     1
 Armour: Leather armour    |    49 |    37 |   117 |    54 ||   257
         Skin              |       |       |    25 |       ||    25
  Dodge: Dodged            |    98 |    80 |   263 |   183 ||   624
         Repelled          |       |       |     1 |       ||     1
  Block: Buckler           |       |       |       |    59 ||    59

Table legend: (Time is in decaauts)
 A = Elapsed time spent in this place.
 B = Non-inter-level travel time spent in this place.
 C = Inter-level travel time spent in this place.
 D = Time resting spent in this place.
 E = Time spent auto-exploring this place.
 F = Levels seen in this place.
 G = Mean time per level.
                   A        B        C        D        E       F      G
               +--------+--------+--------+--------+--------+-----+--------+
         Total |   8477 |   8158 |    319 |   2172 |   3895 |  10 |  847.7 |
       Dungeon |   8218 |   7899 |    319 |   2138 |   3883 |   9 |  913.1 |
       Ossuary |    258 |    258 |      0 |     34 |     12 |   1 |  258.0 |
               +--------+--------+--------+--------+--------+-----+--------+

Top non-repeatable levels by time:
     D:6: 1409 daAuts
     D:7: 1356 daAuts
     D:4: 1011 daAuts
     D:2: 975 daAuts
     D:3: 904 daAuts
     D:8: 892 daAuts
     D:1: 689 daAuts
     D:5: 681 daAuts
     D:9: 296 daAuts
 Ossuary: 258 daAuts
